 Dungeon Crawl Stone Soup version 0.30-a0-365-ge7f957f1db (webtiles) character file.

Game seed: 2207507689226139416

1736 MachoJfn the Chopper (level 8, -5/62 HPs)
             Began as a Demonspawn Berserker on Nov 17, 2022.
             Was a Priest of Trog.
             Slain by Blork the orc
             ... wielding a +2 vorpal glaive
              (7 damage)
             ... on level 6 of the Dungeon.
             The game lasted 00:35:02 (5978 turns).

MachoJfn the Chopper (Demonspawn Berserker)         Turns: 5978, Time: 00:35:03

Health: -5/62      AC:  8    Str: 19    XL:     8   Next: 76%
Magic:  8/8        EV: 12    Int: 10    God:    Trog [***...]
Gold:   316        SH:  4    Dex: 12    Spells: 7/7 levels left

rFire   . . .      SeeInvis .    l - +3 war axe (vorpal)
rCold   + + .      Faith    .    (no shield)
rNeg    . . .      Spirit   .    e - +0 ring mail {rC+}
rPois   +          Reflect  .    (no helmet)
rElec   .          Harm     .    c - +1 cloak
rCorr   .          Rampage  .    (no gloves)
Will    .....                    (no boots)
Stlth   +.........               (no amulet)
HPRegen 0.30/turn                h - ring of poison resistance
MPRegen 0.11/turn                t - ring of protection from cold

@: on berserk cooldown, slowed, very slow
A: hooves 1, large bone plates 1, ignite blood 2, powered by death 1
a: Renounce Religion, Berserk, Trog's Hand


You were on level 6 of the Dungeon.
You worshipped Trog.
Trog was most pleased with you.
You visited 2 branches of the dungeon, and saw 7 of its levels.

You collected 316 gold pieces.

Inventory:

Hand Weapons
 l - a +3 vorpal war axe (weapon)
Armour
 c - a +1 cloak (worn)
 e - a +0 ring mail of cold resistance (worn)
Jewellery
 h - a ring of poison resistance (left hand)
 o - a ring of magical power
 t - a ring of protection from cold (right hand)
Wands
 s - a wand of light (9)
Scrolls
 a - 3 scrolls of enchant armour
 b - 2 scrolls of torment
 d - 5 scrolls of teleportation
 f - a scroll of silence
 j - 2 scrolls of magic mapping
 k - a scroll of poison
 p - a scroll of vulnerability
 q - a scroll of fear
 r - a scroll of butterflies {unknown}
 y - 3 scrolls of noise
Potions
 g - a potion of degeneration
 i - 2 potions of mutation {unknown}
 m - 3 potions of heal wounds
 n - 3 potions of curing {unknown}
 v - a potion of attraction {unknown}
 w - a potion of invisibility {unknown}
 x - a potion of haste {unknown}
 z - a potion of brilliance {unknown}


   Skills:
 + Level 5.2 Fighting
 + Level 6.1(6.5) Axes
 + Level 3.2(5.1) Polearms
 + Level 5.8 Armour
 + Level 3.5 Dodging
 + Level 2.1 Stealth
 + Level 0.7 Shields


You had 7 spell levels left.
You didn't know any spells.
Your spell library contained the following spells:

 Spells                   Type           Power      Damage    Failure   Level
 Apportation              Tloc           0%         N/A       52%         1
 Kiss of Death            Conj/Necr      0%         2d5       52%         1
 Magic Dart               Conj           0%         1d3       52%         1
 Call Imp                 Summ           0%         N/A       67%         2
 Ensorcelled Hibernation  Hex/Ice        0%         N/A       67%         2
 Passwall                 Tmut/Erth      0%         N/A       67%         2
 Confusing Touch          Hex            0%         N/A       88%         3
 Mephitic Cloud           Conj/Pois/Air  0%         N/A       88%         3
 Swiftness                Air            0%         N/A       88%         3
 Dispel Undead            Necr           0%         3d6       99%         4
 Alistair's Intoxication  Tmut/Pois      0%         N/A       100%        5


Dungeon Overview and Level Annotations

Branches:
Dungeon (6/15)             Temple (1/1) D:4

Altars:
Cheibriados
Dithmenos
Fedhas
Hepliaklqana
Makhleb
Nemelex Xobeh
Qazlal
Ru
Sif Muna
Uskayaw
Vehumet
Wu Jian
Yredelemnul

Shops:
D:3 *

Annotations:
D:6 Blork the orc


Innate Abilities, Weirdness & Mutations

You have large cloven feet.
You are partially covered in large bone plates. (SH +4)
Your demonic aura often causes spilled blood to erupt in flames.
You regenerate a little health from kills.


Message History

You see here 6 stones.
Blork the orc zaps a wand.
The bolt of light hits you!
You hear a shout!
You feel much better.
You feel less confused.
A red film seems to cover your vision as you go berserk!
You feel yourself moving faster!
You feel mighty!
Blork the orc casts a spell.
Blork the orc seems to speed up.
An orc priest comes into view. It is wielding a +0 mace.
You feel a strong urge to attack something.
Blork the orc zaps a wand.
The bolt of light hits you!
The orc priest mumbles some strange prayers to Beogh against you.
Beogh smites you!
Blork the orc looks angry.
Blork the orc zaps a wand.
The bolt of light hits you!
You are confused.
You're too confused to move!
You feel your anger nearly subside.
You are no longer berserk.
You are exhausted.
You feel yourself slow down. Blork the orc casts a spell at you.
The magic dart hits you.
You barely miss Blork the orc. You kick Blork the orc.
Blork the orc is lightly wounded.
Blork the orc closely misses you.
Blork the orc gestures at you while chanting.
The magic dart hits you. The orc priest closely misses you.
Blork the orc casts a spell at you. The puff of flame hits you!
You feel less confused.
Blork the orc looks satisfied for a moment.
Blork the orc hits you from afar with a +2 vorpal glaive!
* * * LOW HITPOINT WARNING * * *
x2 You closely miss the orc priest.
Blork the orc hits you from afar with a +2 vorpal glaive!
* * * LOW HITPOINT WARNING * * *
x2 The orc priest looks satisfied for a moment.
Blork the orc hits you from afar with a +2 vorpal glaive!
You die...

.####............##...
....#.................
......................
...................#..
...##............### .
.................##
....#.....).......####.#
....###..#.....☼(☼.....#
.....#####......@.###....
.......#........o.# .
.................o#
.........##.........
.......###........#..
...#..####...######...
.#...)##.#...# ....
.#......<....# #..###
##.....#.#...# ...#


You could see Blork the orc (fast) and an orc priest.

Vanquished Creatures
  A two-headed ogre (D:5)
  The ghost of Heh the Trooper, an amateur OpFi (D:3)
  An ice beast (D:6)
  A sky beast (D:6)
  A black bear (D:5)
  A centaur (D:6)
  A phantom (D:5)
  A necrophage (D:5)
  4 scorpions
  A howler monkey (D:4)
  A hound (D:6)
  An orc priest (D:4)
  An iguana (D:5)
  8 adders
  2 white imps (D:6)
  An ufetubus (D:6)
  2 worms (D:3)
  4 dart slugs
  8 orcs
  4 endoplasms
  A giant cockroach (D:3)
  6 goblins
  10 hobgoblins
  6 jackals
  8 kobolds
  3 quokkas
  4 ball pythons
  2 bats (D:1)
  4 frilled lizards
  6 rats
95 creatures vanquished.

Vanquished Creatures (others)
  2 withered plants (D:3)
2 creatures vanquished.

Grand Total: 97 creatures vanquished

Notes
Turn   | Place    | Note
-------+----------+-------------------------------------------
     0 | D:1      | MachoJfn the Demonspawn Berserker began the quest for the
                  | Orb.
     0 | D:1      | Reached XP level 1. HP: 18/18 MP: 1/1
   306 | D:2      | Gained mutation: You have large cloven feet. [demonic
                  | ancestry]
   306 | D:2      | Reached XP level 2. HP: 24/24 MP: 2/2
   885 | D:1      | Reached ** piety under Trog
  1289 | D:2      | Gained mutation: You regenerate a little health from kills.
                  | [demonic ancestry]
  1289 | D:2      | Reached XP level 3. HP: 28/29 MP: 3/3
  1394 | D:2      | Found a hide-covered altar of Uskayaw.
  2366 | D:3      | Gained mutation: Your demonic aura sometimes causes spilled
                  | blood to erupt in flames. [demonic ancestry]
  2366 | D:3      | Reached XP level 4. HP: 35/35 MP: 4/4
  2470 | D:3      | Reached skill level 1 in Axes
  2567 | D:3      | Found a runed translucent door.
  2567 | D:3      | Noticed Heh's ghost (amateur OpFi)
  2575 | D:3      | Identified the +2 robe of the Forging Gods {-Cast rPois
                  | rF+}
  2735 | D:3      | Found Dushuygo's General Store.
  3235 | D:3      | Killed Heh's ghost
  3236 | D:3      | Reached skill level 2 in Axes
  3236 | D:3      | Reached skill level 1 in Stealth
  3236 | D:3      | Reached XP level 5. HP: 42/42 MP: 5/5
  3276 | D:4      | Found a staircase to the Ecumenical Temple.
  3286 | Temple   | Entered the Ecumenical Temple
  3361 | D:4      | Reached XP level 6. HP: 48/48 MP: 6/6
  3406 | D:4      | Reached *** piety under Trog
  3677 | D:4      | Reached skill level 3 in Axes
  3978 | D:5      | Entered Level 5 of the Dungeon
  4519 | D:5      | Noticed a two-headed ogre
  4525 | D:5      | Killed a two-headed ogre
  4526 | D:5      | Reached skill level 4 in Axes
  4526 | D:5      | Gained mutation: Your demonic aura often causes spilled
                  | blood to erupt in flames. [demonic ancestry]
  4526 | D:5      | Reached XP level 7. HP: 55/55 MP: 7/7
  4526 | D:5      | Gained mutation: You are partially covered in large bone
                  | plates. (SH +4) [demonic ancestry]
  4526 | D:5      | Reached XP level 8. HP: 61/61 MP: 8/8
  4590 | D:5      | Reached skill level 5 in Armour
  4629 | D:5      | Reached skill level 5 in Axes
  5233 | D:5      | Found a snail-covered altar of Cheibriados.
  5263 | D:5      | Found a sparkling altar of Nemelex Xobeh.
  5593 | D:6      | Reached skill level 5 in Fighting
  5823 | D:6      | Reached skill level 6 in Axes
  5885 | D:6      | Found a burning altar of Makhleb.
  5966 | D:6      | Noticed Blork the orc
  5978 | D:6      | HP: 2/62 [Blork the orc/+2 vorpal glaive (2)]
  5978 | D:6      | Slain by Blork the orc

Illustrated notes

Levels and vault maps discovered:
D:1:      minmay_arrival_up_and_down, layout_basic, columned_hall_lemuel,
          minmay_misc_feat_tiny, minmay_bisected
D:2:      layout_loops_ring, basic_altar, minmay_crystal_water
D:3:      layout_basic, serial_glass, glass_columns_c, glass_columns_a,
          gammafunk_ghost_grave, serial_shops, shop_fountains,
          serial_park_tiny_1
D:4:      layout_cave_pools, minmay_temple_entry_proselytizer,
          minmay_misc_feat_room
D:5:      layout_basic, lemuel_doored_altar, kennysheep_mini_moat
D:6:      layout_cave_pools, marbit_many_paths, lemuel_tele_altar, uniq_pikel,
          uniq_blork_the_orc
Temple:   nicolae_temple_ecumenical_triangle

Skill      XL: |  1  2  3  4  5  6  7  8 |
---------------+-------------------------+-----
Armour         | 2 3 4 5 |  5.8
Polearms       | 3 |  3.2
Dodging        | 2 3 |  3.5
Axes           | 2 4 6 |  6.1
Fighting       | 4 5 |  5.2
Stealth        | 1 2 |  2.1
Shields        | |  0.7

Action                   |  1- 3 |  4- 6 |  7- 9 || total
-------------------------+-------+-------+-------++-------
Melee: Spear             |   111 |       |       ||   111
       Kick              |    22 |    23 |    12 ||    57
       Punch             |     2 |     1 |     1 ||     4
       War axe           |    27 |   102 |    74 ||   203
Invok: Berserk           |       |     2 |     1 ||     3
  Use: Scroll            |     7 |     3 |     3 ||    13
       Potion            |       |     1 |     1 ||     2
Armor: Animal skin       |     9 |       |       ||     9
       Ring mail         |    42 |    41 |    31 ||   114
Dodge: Dodged            |    72 |    52 |    43 ||   167
Block: Other             |       |       |    15 ||    15

Table legend: (Time is in decaauts)
 A = Elapsed time spent in this place.
 B = Non-inter-level travel time spent in this place.
 C = Inter-level travel time spent in this place.
 D = Time resting spent in this place.
 E = Time spent auto-exploring this place.
 F = Levels seen in this place.
 G = Mean time per level.
                   A        B        C        D        E       F      G
               +--------+--------+--------+--------+--------+-----+--------+
         Total |   6055 |   3490 |   2565 |   1310 |   1259 |   7 |  865.0 |
       Dungeon |   6003 |   3488 |   2515 |   1310 |   1259 |   6 | 1000.5 |
        Temple |     51 |      1 |     50 |      0 |      0 |   1 |   51.0 |
               +--------+--------+--------+--------+--------+-----+--------+

Top non-repeatable levels by time:
     D:5: 1597 daAuts
     D:1: 1218 daAuts
     D:3: 1139 daAuts
     D:2: 952 daAuts
     D:4: 661 daAuts
     D:6: 434 daAuts
  Temple: 51 daAuts
